 Dungeon Crawl Stone Soup version 0.16.2-12-gd0ad4c3 (webtiles) character file.

544 SlimeFever the Insei (level 7, 0/54 HPs)
             Began as a Demonspawn Monk on Sept 29, 2015.
             Was a Believer of Ru.
             Slain by a gnoll
             ... wielding a +0 spear
              (10 damage)
             ... on level 4 of the Dungeon.
             The game lasted 00:42:08 (4032 turns).

SlimeFever the Insei (Demonspawn Monk)              Turns: 4032, Time: 00:42:08

Health: 0/54       AC:  5    Str: 14    XL:     7   Next: 6%
Magic:  7/7        EV: 14    Int: 11    God:    Ru [**....]
Gold:   129        SH:  0    Dex: 15    Spells: 1 memorised, 3 levels left

rFire  . . .     SeeInvis .       - Unarmed
rCold  + . .     Clarity  .     e - +2 robe
rNeg   . . .     SustAb   .     (no shield)
rPois  .         Gourm    .     (helmet restricted)
rElec  .         Spirit   .     i - +0 cloak
rCorr  .         Warding  .     (no gloves)
rMut   .         Stasis   .     (no boots)
MR     .....                    (no amulet)
Stlth  +.........               (no ring)
                                (no ring)

@: glowing, not resistant to hostile enchantments, very unstealthy
A: claws 1, horns 1, cold resistance 1, hated by all, no air magic, no
conjurations magic, no hexes magic
a: Renounce Religion


You were on level 4 of the Dungeon.
You worshipped Ru.
Ru was pleased with you.
You were not hungry.

You visited 1 branch of the dungeon, and saw 4 of its levels.

You collected 129 gold pieces.

Inventory:

Hand weapons
 a - a +0 blowgun
 r - a +2 hunting sling of freezing
 E - a cursed -1 whip
Missiles
 d - 82 stones (quivered)
 g - 13 arrows of dispersal
 m - 42 arrows
 y - 17 poisoned needles
 D - a tomahawk
Armour
 e - a +2 robe (worn)
 i - a +0 cloak (worn)
 t - a +0 leather armour
 w - a +0 cloak
Magical staves
 p - an uncursed staff of power {unknown}
Magical devices
 l - a wand of slowing (17)
Scrolls
 h - a scroll of random uselessness {unknown}
 j - a scroll of identify
 k - a scroll of teleportation
 n - a scroll of blinking {unknown}
 q - 2 scrolls of amnesia
 s - a scroll of immolation
 v - a scroll of fear {unknown}
 x - 2 scrolls of remove curse
 z - a scroll of noise {unknown}
Potions
 c - a potion of curing
 o - a potion of haste
 C - a potion of agility {unknown}
Books
 B - a book of Beasts

   Spells                             Type                      Level
   a - Summon Butterflies             Summoning                    1
   b - Call Canine Familiar           Summoning                    3
   c - Summon Ice Beast               Ice/Summoning                4
   d - Summon Mana Viper              Hexes/Summoning              5
   e - Monstrous Menagerie            Summoning                    6
   f - Summon Hydra                   Summoning                    7
Comestibles
 b - 3 bread rations
 f - a beef jerky
 u - 4 meat rations
 A - a royal jelly


   Skills:
 + Level 4.2 Fighting
 + Level 1.6 Throwing
 + Level 4.0 Dodging
 + Level 3.1 Stealth
 * Level 5.7 Unarmed Combat
 + Level 0.2 Summonings


You had 3 spell levels left.
You knew the following spells:

 Your Spells              Type           Power        Failure   Level  Hunger
a - Call Canine Familiar  Summ           #.......     90%         3    ####...


Dungeon Overview and Level Annotations

Branches:
Dungeon (4/15)
 Temple: D:4-7

Altars:
Ashenzari
Elyvilon
Fedhas
Okawaru
Qazlal
Ru
Sif Muna
Yredelemnul

Annotations:
D:3 SlimeFever's ghost, average HuFi


Innate Abilities, Weirdness & Mutations

You have sharp fingernails.
You have a pair of small horns on your head.
Your flesh is cold resistant.
You are hated by all.
You cannot study or cast Air magic.
You cannot study or cast Conjurations magic.
You cannot study or cast Hexes magic.


Message History

The gnoll shaman is almost dead.
The gnoll is no longer blind.
The gnoll hits you but does no damage. The gnoll shaman hits you with a club.
You hit the gnoll shaman.
You kill the gnoll shaman!
You have reached level 7!
Your demonic ancestry asserts itself...
Your fingernails lengthen.
The gnoll hits you from afar with a spear.
* * * LOW HITPOINT WARNING * * *
The gnoll hits you with a spear.
* * * LOW HITPOINT WARNING * * *
The gnoll barely misses you. The gnoll misses you.
Things that are here:
a club; a leather armour; a gnoll corpse You scratch the gnoll.
The gnoll begins to bleed from its wounds!
The gnoll is moderately wounded.
The gnoll closely misses you. The gnoll hits you with a spear!
You die...

*** *#,*
####
*.**
##..#
##.*
##.##.
#.#*
#.####
#g# #.#
# #g#
#.# #@#
#.## #)#
#..# #
#)#
##.###
##(#
#..#.
#..##
#....
#...###
##....
##.)..##
#.....
###...##
#.....
##...#
#.....


You could see 2 gnolls.

Vanquished Creatures
  Grinder (D:3)
  Sigmund (D:3)
  A gnoll shaman (D:4)
  A hound (D:3)
  An orc wizard (D:3)
  4 adders
  9 gnolls
  2 adder skeletons (D:4)
  A giant gecko (D:3)
  2 oozes (D:2)
  3 orcs
  5 giant cockroaches
  5 goblins
  5 hobgoblins
  2 quokkas
  A ball python (D:3)
  10 bats
  3 giant newts
  6 kobolds
  6 rats
69 creatures vanquished.

Notes
Turn   | Place    | Note
--------------------------------------------------------------
     0 | D:1      | SlimeFever, the Demonspawn Monk, began the quest for the Orb.
     0 | D:1      | Reached XP level 1. HP: 18/18 MP: 1/1
   487 | D:2      | Gained mutation: Your flesh is cold resistant. [demonic ancestry]
   487 | D:2      | Reached XP level 2. HP: 24/24 MP: 2/2
   493 | D:2      | Reached skill level 4 in Unarmed Combat
   867 | D:2      | Found a deep blue altar of Sif Muna.
   869 | D:2      | Found a white marble altar of Elyvilon.
   873 | D:2      | Found an iron altar of Okawaru.
   874 | D:2      | Found a blossoming altar of Fedhas.
   874 | D:2      | Found a shattered altar of Ashenzari.
   875 | D:2      | Found a basalt altar of Yredelemnul.
   875 | D:2      | Found a stormy altar of Qazlal.
   878 | D:2      | Found a sacrificial altar of Ru.
   889 | D:2      | Became a worshipper of Ru the Awakened
   972 | D:2      | Gained mutation: You are hated by all. [Ru sacrifice]
   972 | D:2      | Acquired Ru's first power
  1087 | D:2      | You fall through a shaft!
  1087 | D:3      | Noticed SlimeFever's ghost (average HuFi)
  1191 | D:2      | Reached XP level 3. HP: 6/29 MP: 3/3
  1365 | D:2      | HP: 1/29 [gnoll/whip (5)]
  1370 | D:2      | Reached XP level 4. HP: 20/35 MP: 4/4
  1670 | D:3      | Reached skill level 1 in Throwing
  1947 | D:3      | Reached XP level 5. HP: 37/41 MP: 5/5
  1976 | D:3      | Noticed Sigmund
  1985 | D:3      | Killed Sigmund
  1985 | D:3      | Reached skill level 5 in Unarmed Combat
  2033 | D:3      | Noticed Grinder
  2037 | D:3      | Paralysed by Grinder for 2 turns
  2052 | D:3      | Killed Grinder
  2052 | D:3      | Gained mutation: You have a pair of small horns on your head. [demonic ancestry]
  2052 | D:3      | Reached XP level 6. HP: 25/48 MP: 6/6
  2426 | D:3      | HP: 2/48 [SlimeFever's ghost (6)]
  3646 | D:4      | Learned a level 3 spell: Call Canine Familiar
  3916 | D:4      | Gained mutation: You cannot study or cast Air magic. [Ru sacrifice]
  3916 | D:4      | Gained mutation: You cannot study or cast Hexes magic. [Ru sacrifice]
  3916 | D:4      | Gained mutation: You cannot study or cast Conjurations magic. [Ru sacrifice]
  3916 | D:4      | Acquired Ru's second power
  4030 | D:4      | Gained mutation: You have sharp fingernails. [demonic ancestry]
  4030 | D:4      | Reached XP level 7. HP: 16/54 MP: 7/7
  4032 | D:4      | Slain by a gnoll

Action                   |  1- 3 |  4- 6 |  7- 9 || total
-------------------------+-------+-------+-------++-------
Melee: Unarmed           |   131 |   159 |     1 ||   291
 Fire: Blowgun           |       |     7 |       ||     7
Throw: Stone             |    25 |    19 |       ||    44
Invok: Sacrifice Love    |     1 |       |       ||     1
       Sacrifice Arcana  |       |     1 |       ||     1
  Use: Scroll            |     2 |     8 |       ||    10
       Potion            |     3 |     3 |       ||     6
 Stab: Sleeping          |     3 |     2 |       ||     5
       Paralysed         |       |     3 |       ||     3
       Distracted        |       |     1 |       ||     1
  Eat: Pizza             |     1 |       |       ||     1
       Fruit             |       |     3 |       ||     3
       Bread ration      |       |     1 |       ||     1
       Beef jerky        |       |     1 |       ||     1
